 Dungeon Crawl Stone Soup version 0.28.0-53-g5a82cb258f (webtiles) character file.

Game seed: 5685643575756806114

3151 Peloso the Carver (level 9, -1/79 HPs)
             Began as a Minotaur Fighter on Aug 18, 2022.
             Was a Priest of Okawaru.
             Succumbed to a gnoll sergeant's poison
             ... on level 8 of the Dungeon.
             The game lasted 00:12:24 (7790 turns).

Peloso the Carver (Minotaur Fighter)                Turns: 7790, Time: 00:12:25

Health: -1/79      AC: 10    Str: 23    XL:     9   Next: 62%
Magic:  7/8        EV: 11    Int:  5    God:    Okawaru [***...]
Gold:   289        SH:  5    Dex: 12    Spells: 8/8 levels left

rFire   . . .      SeeInvis .   a - +1 long sword
rCold   . . .      Faith    .   c - +0 buckler
rNeg    . . .      Spirit   .   b - +1 scale mail "Giociss" {Regen+}
rPois   .          Reflect  .   (helmet restricted)
rElec   .          Harm     .   l - +0 cloak
rCorr   .          Rampage  .   (no gloves)
Will    .....                   (no boots)
Stlth   ..........              (no amulet)
HPRegen 1.03/turn               (no ring)
MPRegen 0.11/turn               (no ring)

@: lethally poisoned (-1 -> -21), studying Slings
A: horns 2, retaliatory headbutt
a: Renounce Religion, Heroism


You were on level 8 of the Dungeon.
You worshipped Okawaru.
Okawaru was most pleased with you.
You visited 2 branches of the dungeon, and saw 9 of its levels.

You collected 289 gold pieces.

Inventory:

Hand Weapons
 a - a +1 long sword (weapon)
Armour
 b - the +1 scale mail "Giociss" (worn) {Regen+}
   (You found it on level 6 of the Dungeon)

   Regen:     It increases your rate of health regeneration.
 c - a +0 buckler (worn)
 l - a +0 cloak (worn)
 r - a +1 chain mail of willpower
Jewellery
 m - an amulet of the acrobat
 o - a ring of poison resistance
Scrolls
 f - a scroll of brand weapon
 g - a scroll of fog
 h - a scroll of acquirement
 i - 3 scrolls of identify
 p - 2 scrolls of immolation {unknown}
 q - a scroll of teleportation {unknown}
Potions
 d - a potion of might
 j - a potion of flight
 k - a potion of magic
 n - a potion of berserk rage


   Skills:
 + Level 7.5 Fighting
 + Level 10.1 Long Blades
 + Level 9.0 Armour
 + Level 3.4 Dodging
 + Level 1.1 Stealth
 + Level 6.7 Shields
 + Level 1.1 Invocations


You had 8 spell levels left.
You didn't know any spells.
Your spell library contained the following spells:

 Spells                   Type           Power      Damage    Failure   Level
 Magic Dart               Conj           0%         1d3       83%         1
 Sandblast                Erth           0%         2d4       83%         1
 Passwall                 Tmut/Erth      0%         N/A       92%         2
 Dazzling Flash           Conj/Hex       0%         N/A       99%         3
 Mephitic Cloud           Conj/Pois/Air  0%         N/A       99%         3
 Portal Projectile        Hex/Tloc       0%         N/A       99%         3
 Stone Arrow              Conj/Erth      0%         3d7       99%         3
 Iskenderun's Mystic Bla  Conj/Tloc      0%         2d3       100%        4
 Blade Hands              Tmut           0%         N/A       100%        5
 Excruciating Wounds      Necr           0%         N/A       100%        5
 Starburst                Conj/Fire      0%         6d3       100%        6
 Call Imp                 Summ           Unusable   N/A       N/A         2

Dungeon Overview and Level Annotations

Branches:
Dungeon (8/15)             Temple (1/1) D:4
   Lair: D:8-11

Altars:
Ashenzari
Cheibriados
Dithmenos
Elyvilon
Fedhas
Gozag
Okawaru
Ru
Sif Muna
Trog
Vehumet
Wu Jian
The Shining One

Annotations:
D:7 1 runed translucent door
D:8 2 runed translucent doors


Innate Abilities, Weirdness & Mutations

You have a pair of horns on your head.
You reflexively headbutt those who attack you in melee.


Message History

The gnoll sergeant is lightly wounded.
You feel sick.
You are no longer poisoned.
You barely miss the gnoll sergeant.
You headbutt the gnoll sergeant, but do no damage.
The gnoll sergeant is lightly wounded.
The gnoll sergeant closely misses you. You furiously retaliate!
You headbutt the gnoll sergeant, but do no damage.
You hit the gnoll sergeant but do no damage.
The gnoll sergeant is lightly wounded.
The gnoll sergeant hits you with a +0 trident of venom!
* * * LOW HITPOINT WARNING * * *
You are poisoned.
You hit the gnoll sergeant.
Your headbutt misses the gnoll sergeant.
The gnoll sergeant is lightly wounded.
You feel very sick. The gnoll sergeant misses you. You furiously retaliate!
You headbutt the gnoll sergeant. You barely miss the gnoll sergeant.
You headbutt the gnoll sergeant, but do no damage.
The gnoll sergeant is moderately wounded.
You feel sick. You block the gnoll sergeant's attack.
Unknown command.
You feel better.
The gnoll sergeant hits you with a +0 trident of venom!
* * * LOW HITPOINT WARNING * * *
You are poisoned.
Unknown command.
You slash the gnoll sergeant!
Your headbutt misses the gnoll sergeant.
The gnoll sergeant is heavily wounded.
You feel very sick.
The gnoll sergeant hits you with a +0 trident of venom!
* * * LOW HITPOINT WARNING * * *
You are more poisoned.
Okay, then.
You slash the gnoll sergeant! You headbutt the gnoll sergeant.
The gnoll sergeant is almost dead.
You die...

#...## #........ยง....#
##...#####..###.###...
#..........##.....##
#....##...##.......##
#.....#...##.........##
#.........#...........#
##.#......#...........#?
###......g.............
#.....@#...........#.
#####..#...........#
#..##)...)....##
.....##.......##
..#.....##.....## .+.
.......###.### .+
......#.# ... .
...#...#.# ###.
#..####.. . ..


You could see a gnoll sergeant.

Vanquished Creatures
  A centaur warrior (D:8)
  A steam dragon (D:8)
  Edmund (D:4)
  A hornet zombie (D:6)
  3 ice beasts
  A black bear (D:7)
  4 ogres
  3 phantoms
  2 centaurs (D:7)
  A kobold brigand (D:7)
  3 bullfrogs
  2 scorpions
  3 killer bees
  2 howler monkeys (D:5)
  A centaur zombie (D:6)
  A gnoll shaman (D:7)
  2 hounds
  A bullfrog skeleton (D:7)
  3 orc priests
  Crazy Yiuf (D:4)
  An orc wizard (D:4)
  14 gnolls
  5 adders
  An ufetubus (D:7)
  A worm (D:2)
  3 dart slugs
  14 orcs
  4 ball pythons
  12 endoplasms
  7 giant cockroaches
  6 hobgoblins
  2 quokkas
  7 bats
  7 frilled lizards
  8 goblins
  15 kobolds
  10 rats
154 creatures vanquished.

Vanquished Creatures (others)
  3 fungi (D:4)
  2 plants (D:1)
5 creatures vanquished.

Grand Total: 159 creatures vanquished

Notes
Turn   | Place    | Note
-------+----------+-------------------------------------------
     0 | D:1      | Peloso the Minotaur Fighter began the quest for the Orb.
     0 | D:1      | Reached XP level 1. HP: 19/19 MP: 0/0
   153 | D:1      | Reached XP level 2. HP: 27/27 MP: 1/1
   998 | D:2      | Found a faded altar of an unknown god.
  1009 | D:2      | Reached XP level 3. HP: 33/34 MP: 2/2
  1295 | D:2      | Reached skill level 3 in Long Blades
  1408 | D:2      | Reached XP level 4. HP: 24/41 MP: 3/3
  1652 | D:2      | Identified the +1 leather armour of Satisfaction {Harm}
  1682 | D:2      | Reached skill level 4 in Long Blades
  1708 | D:2      | Reached skill level 1 in Dodging
  2135 | D:3      | Found a snail-covered altar of Cheibriados.
  2349 | D:3      | Reached XP level 5. HP: 42/47 MP: 4/4
  2596 | D:3      | Identified a scroll of acquirement
  2618 | D:4      | Found a staircase to the Ecumenical Temple.
  2628 | Temple   | Entered the Ecumenical Temple
  2719 | Temple   | Became a worshipper of Warmaster Okawaru
  2972 | D:5      | Entered Level 5 of the Dungeon
  2981 | D:5      | HP: 2/47 [hound (3)]
  2983 | D:5      | Reached XP level 6. HP: 2/55 MP: 5/5
  3285 | D:5      | Reached skill level 5 in Fighting
  3285 | D:5      | Reached skill level 5 in Long Blades
  3285 | D:5      | Reached skill level 5 in Armour
  3654 | D:4      | Reached * piety under Okawaru
  4073 | D:4      | Found a runed translucent door.
  4074 | D:4      | Noticed Crazy Yiuf
  4138 | D:4      | Reached skill level 6 in Long Blades
  4138 | D:4      | Reached XP level 7. HP: 53/61 MP: 6/6
  4203 | D:4      | Noticed Edmund
  4228 | D:4      | Killed Edmund
  5138 | D:4      | Killed Crazy Yiuf
  5265 | D:5      | Reached skill level 7 in Long Blades
  5307 | D:5      | Reached ** piety under Okawaru
  5324 | D:5      | Reached XP level 8. HP: 52/70 MP: 4/7
  5502 | D:5      | Reached skill level 8 in Long Blades
  5502 | D:5      | Reached skill level 1 in Stealth
  6031 | D:6      | Identified the +1 scale mail "Giociss" {Regen+}
  6479 | D:6      | Reached skill level 5 in Shields
  7089 | D:7      | Found a runed translucent door.
  7108 | D:7      | Reached skill level 9 in Long Blades
  7160 | D:7      | Reached *** piety under Okawaru
  7296 | D:7      | Reached XP level 9. HP: 61/78 MP: 8/8
  7760 | D:8      | Noticed a centaur warrior
  7772 | D:8      | Killed a centaur warrior
  7773 | D:8      | Reached skill level 10 in Long Blades
  7773 | D:8      | Reached skill level 1 in Invocations
  7781 | D:8      | Found a runed translucent gate.
  7781 | D:8      | Found a runed translucent gate.
  7790 | D:8      | Succumbed to a gnoll sergeant's poison

Illustrated notes

Levels and vault maps discovered:
D:1:      tarquinn_simple_flora_water_f, layout_loops_ring, serial_forest,
          infiniplex_forest_lined_corner, infiniplex_forest_lined_room_2,
          infiniplex_forest_lined_corner, infiniplex_forest_end_2,
          infiniplex_forest_end_1, infiniplex_forest_straight_1,
          infiniplex_forest_end_2, infiniplex_forest_clump_curved,
          minmay_misc_feat_encased, chequers_big_river
D:2:      layout_rooms, chequers_ecumenical_altar_simple_redux
D:3:      layout_basic, chei_slow_surprise
D:4:      layout_basic, minmay_temple_entry_trees, minmay_manual_moon,
          uniq_edmund, uniq_crazy_yiuf_cottage
D:5:      layout_rooms
D:6:      layout_loops_corners
D:7:      layout_loops_cross, lightli_church_of_beogh
D:8:      minmay_the_grid_octo_tiled_octocenter [minmay_the_grid_octo_shrine,
          minmay_the_grid_octo_concentric, minmay_the_grid_octo_empty,
          minmay_the_grid_octo_empty,
          minmay_the_grid_octo_prize_ultimate_mussel_roller,
          minmay_the_grid_square_5x5_detours, minmay_the_grid_square_5x5_six,
          minmay_the_grid_square_5x5_two_walls_a, minmay_the_grid_square_5x5_z],
          layout_cave_pools, gammafunk_ghost_cemetery, uniq_erica
Temple:   mainiacjoe_temple_hex_bubbles

Skill      XL: |  1  2  3  4  5  6  7  8  9 |
---------------+----------------------------+-----
Fighting       | 4 5 6 7 |  7.5
Armour         | 4 5 6 8 9 |  9.0
Shields        | 4 5 6 |  6.7
Long Blades    | 3 4 6 7 9 10 | 10.1
Dodging        | 1 2 3 |  3.4
Stealth        | 1 |  1.1
Invocations    | 1 |  1.1

Action                   |  1- 3 |  4- 6 |  7- 9 || total
-------------------------+-------+-------+-------++-------
Melee: Long sword        |   101 |   141 |   218 ||   460
       Headbutt          |    15 |    14 |    57 ||    86
Invok: Heroism           |       |       |     7 ||     7
  Use: Potion            |     3 |       |     1 ||     4
       Scroll            |       |     8 |     1 ||     9
Armor: Scale mail        |    41 |    23 |    64 ||   128
       Skin              |     3 |       |       ||     3
       Chain mail        |       |    56 |    27 ||    83
Dodge: Dodged            |    63 |    48 |   107 ||   218
Block: Buckler           |    29 |    31 |    53 ||   113
